 Dungeon Crawl Stone Soup version 0.30-a0-1123-gabc949cf19 (webtiles) character file.

Game seed: 12875377908484627023

1485 LustLizard the Gusty (level 8, -4/46 HPs)
             Began as a Deep Elf Air Elementalist on Apr 22, 2023.
             Was a Follower of Jiyva.
             Slain by Maggie
             ... wielding a +0 glaive of flaming
              (8 damage)
             ... on level 7 of the Dungeon.
             The game lasted 00:12:46 (6512 turns).

LustLizard the Gusty (Deep Elf Air Elementalist)    Turns: 6512, Time: 00:12:47

Health: -4/46      AC:  6    Str:  7    XL:     8   Next: 50%
Magic:  13/19      EV: 15    Int: 21    God:    Jiyva [*.....]
Gold:   41         SH:  0    Dex: 21    Spells: 7/19 levels left

rFire   . . .        A - +2 dagger (elec)
rCold   . . .        (no shield)
rNeg    . . .        a - +1 robe
rPois   +            (no helmet)
rElec   .            (no cloak)
rCorr   .            (no gloves)
SInv    .            d - +2 pair of boots {rampage}
Will    .....        o - amulet of the acrobat
Stlth   +++          v - +6 ring of dexterity
HPRegen 1.07/turn    l - ring of poison resistance
MPRegen 0.41/turn

%: acrobat, rampage
@: lethally poisoned (-4 -> -4), mesmerised
A: no striking features
a: Renounce Religion


You were on level 7 of the Dungeon.
You worshipped Jiyva.
Jiyva was aware of your devotion.
You visited 2 branches of the dungeon, and saw 8 of its levels.

You collected 273 gold pieces.
You spent 232 gold pieces at shops.

Inventory:

Hand Weapons
 A - a +2 dagger of electrocution (weapon)
Armour
 a - a +1 robe (worn)
 d - a +2 pair of boots of rampaging (worn)
Jewellery
 f - a ring of resist corrosion
 l - a ring of poison resistance (right hand)
 o - an amulet of the acrobat (around neck)
 v - a +6 ring of dexterity (left hand)
Wands
 z - a wand of flame (10)
Scrolls
 e - a scroll of teleportation {unknown}
 h - 2 scrolls of enchant weapon
 j - a scroll of fog {unknown}
 k - a scroll of blinking {unknown}
 r - a scroll of acquirement {unknown}
 s - a scroll of enchant armour
 t - a scroll of brand weapon {unknown}
 w - a scroll of vulnerability {unknown}
 y - a scroll of poison {unknown}
Potions
 c - 4 potions of mutation
 g - 3 potions of curing
 i - a potion of heal wounds
 m - 3 potions of resistance
 n - a potion of cancellation {unknown}
 u - a potion of ambrosia {unknown}
 x - a potion of flight {unknown}


   Skills:
 + Level 3.0 Fighting
 + Level 4.3 Dodging
 + Level 5.6 Stealth
 + Level 6.0 Spellcasting
 - Level 4.0 Conjurations
 + Level 2.7 Translocations
 * Level 6.5 Air Magic


You had 7 spell levels left.
You knew the following spells:

 Your Spells              Type           Power      Damage    Failure   Level
a - Shock                 Conj/Air       100%       1d9       1%          1
b - Static Discharge      Conj/Air       56%        2-5/arc   1%          2
c - Swiftness             Air            33%        N/A       1%          3
d - Blink                 Tloc           36%        N/A       4%          2
e - Airstrike             Air            16%        2d(3-19)  6%          4

Your spell library contained the following spells:

 Spells                   Type           Power      Damage    Failure   Level
 Apportation              Tloc           36%        N/A       3%          1
 Necrotise                Necr           24%        1d5       10%         1
 Sandblast                Erth           12%        2d6       10%         1
 Summon Small Mammal      Summ           24%        N/A       10%         1
 Stone Arrow              Conj/Erth      28%        3d8       13%         3
 Passwall                 Tmut/Erth      5%         N/A       14%         2
 Manifold Assault         Tloc           18%        N/A       30%         4
 Storm Form               Tmut/Air       10%        N/A       100%        7


Dungeon Overview and Level Annotations

Branches:
Dungeon (7/15)             Temple (1/1) D:5

Altars:
Ashenzari
Cheibriados
Fedhas
Gozag
Kikubaaqudgha
Nemelex Xobeh
Okawaru
Qazlal
Ru
Trog
Uskayaw
Yredelemnul
Zin
The Shining One
Jiyva

Shops:
D:5 [

Annotations:
D:4 Eustachio
D:5 Grinder
D:7 Maggie


Message History

The hornet stings you.
You are poisoned.
Maggie completely misses you.
Casting: Static Discharge (safe; 1% risk of failure)
Confirm with . or Enter, or press ? or * to list all spells.
The hornet is struck by an arc of lightning.
The hornet is almost dead.
The killer bee is struck by an arc of lightning.
You kill the killer bee!
The hornet is struck by an arc of lightning.
You kill the hornet!
The lightning grounds out.
You feel sick. Maggie misses you.
Your Fighting skill increases to level 3!
Your Spellcasting skill increases to level 6!
Casting: Static Discharge (safe; 1% risk of failure)
Confirm with . or Enter, or press ? or * to list all spells.
The killer bee is struck by an arc of lightning.
The killer bee is heavily wounded.
Maggie is struck by an arc of lightning.
Maggie is lightly wounded.
The killer bee is struck by an arc of lightning.
The killer bee is severely wounded.
The lightning grounds out.
You feel sick. The killer bee stings you. The killer bee misses you.
Maggie gestures wildly while chanting.
Maggie draws you further into her thrall.
Casting: Static Discharge (safe; 1% risk of failure)
Confirm with . or Enter, or press ? or * to list all spells.
The killer bee is struck by an arc of lightning.
The killer bee is severely wounded.
The killer bee is struck by an arc of lightning.
You kill the killer bee!
Maggie is struck by an arc of lightning.
Maggie is moderately wounded.
The lightning grounds out.
You feel sick.
The killer bee stings you but does no damage.
Maggie hits you from afar with a +0 glaive of flaming!
* * * LOW HITPOINT WARNING * * *
Maggie burns you!
You die...

#.# )......#
#.# ......# #.#
.)...# #.#
.../# #.# .†.#
#.# @.# ##.#
#y# #..#
#@##########.##
+............#
#.#######.#.##
#.......#.#.#
#......#.....#
#.#.......>.##
#.####..##.##
#. #....##.# #.
#.#.###.#


You could see Maggie (mesmerising) and a killer bee.

Vanquished Creatures
  A hornet (D:7)
  Sigmund (D:3)
  Menkaure (D:7)
  2 ogres
  3 wights (D:6)
  5 killer bees (D:7)
  2 hounds
  A jelly (D:4)
  An orc priest (D:5)
  3 iguanas
  7 orc wizards
  3 gnolls (D:5)
  2 adders
  A shadow imp (D:6)
  3 worms
  2 dart slugs
  17 orcs
  3 bats
  8 endoplasms
  2 giant cockroaches
  11 hobgoblins
  8 jackals
  4 kobolds
  5 quokkas
  6 ball pythons
  6 frilled lizards
  8 goblins
  6 rats
122 creatures vanquished.

Vanquished Creatures (others)
  A black bear (D:5)
  Blork the orc (D:6)
  2 wights (D:6)
  8 jellies
  2 hounds (D:5)
  An orc wizard (D:6)
  3 orcs
18 creatures vanquished.

Grand Total: 140 creatures vanquished

Notes
Turn   | Place    | Note
-------+----------+-------------------------------------------
     0 | D:1      | LustLizard the Deep Elf Air Elementalist began the quest
                  | for the Orb.
     0 | D:1      | Reached XP level 1. HP: 10/10 MP: 6/6
    90 | D:1      | Found a faded altar of an unknown god.
   280 | D:1      | Reached XP level 2. HP: 15/15 MP: 5/8
   889 | D:2      | Found a sparkling altar of Nemelex Xobeh.
   891 | D:2      | Reached XP level 3. HP: 20/20 MP: 7/9
  1362 | D:2      | Learned a level 2 spell: Static Discharge
  1433 | D:2      | Learned a level 3 spell: Swiftness
  2160 | D:3      | Reached XP level 4. HP: 24/24 MP: 3/11
  2358 | D:3      | HP: 1/24 [orc wizard/magic dart (8)]
  2757 | D:3      | Noticed Sigmund
  2781 | D:3      | Killed Sigmund
  2782 | D:3      | Reached skill level 1 in Fighting
  2782 | D:3      | Reached XP level 5. HP: 12/29 MP: 2/13
  2934 | D:3      | Reached XP level 6. HP: 34/34 MP: 8/14
  3103 | D:3      | Found an iron altar of Okawaru.
  3429 | D:4      | Found an ancient bone altar of Kikubaaqudgha.
  3593 | D:4      | Noticed Eustachio
  3876 | D:4      | Found a broken altar of Ashenzari.
  4333 | D:5      | Entered Level 5 of the Dungeon
  4333 | D:5      | Noticed Grinder
  4488 | D:5      | Reached skill level 5 in Air Magic
  4582 | D:5      | Found a sparkling altar of Nemelex Xobeh.
  4611 | D:5      | Found Keschuwny's Antique Armour Shoppe.
  4771 | D:5      | Found a snail-covered altar of Cheibriados.
  4777 | D:5      | Found a hide-covered altar of Uskayaw.
  4782 | D:5      | Found a basalt altar of Yredelemnul.
  4902 | D:5      | Reached XP level 7. HP: 28/39 MP: 8/15
  4994 | D:5      | Learned a level 2 spell: Blink
  5158 | D:5      | Found a staircase to the Ecumenical Temple.
  5224 | Temple   | Entered the Ecumenical Temple
  5239 | Temple   | Became a worshipper of Jiyva Juppy the Shapeless
  5458 | D:5      | Bought a pair of runed boots for 232 gold pieces
  5542 | D:6      | Reached skill level 5 in Spellcasting
  5542 | D:6      | Reached skill level 1 in Translocations
  5689 | D:6      | Killed Blork the orc
  5911 | D:6      | Found a glowing silver altar of Zin.
  5998 | D:6      | Reached skill level 5 in Stealth
  6042 | D:6      | Found an opulent altar of Gozag.
  6093 | D:6      | Reached * piety under Jiyva
  6238 | D:6      | Learned a level 4 spell: Airstrike
  6376 | D:7      | Noticed Menkaure
  6380 | D:7      | Killed Menkaure
  6381 | D:7      | Reached XP level 8. HP: 45/45 MP: 14/18
  6498 | D:7      | Noticed a hornet
  6501 | D:7      | Noticed Maggie
  6510 | D:7      | Killed a hornet
  6512 | D:7      | Slain by Maggie

Illustrated notes

Levels and vault maps discovered:
D:1:      heliophobic_arrival_dark_side_of_the_moon, layout_rooms,
          ebering_ecumenical_altar_petrified
D:2:      layout_loops_ring, basic_altar, feat_on_display
D:3:      layout_basic, kennysheep_okawaru_gauntlet, uniq_sigmund
D:4:      layout_loops_ring, mainiacjoe_overflow_small_starburst,
          mainiacjoe_overflow_paths, minmay_misc_feat_x, minmay_fountain_box,
          uniq_eustachio
D:5:      minmay_octagon_keep, layout_loops_ring,
          minmay_overflow_temple_star_quad, mainiacjoe_overflow_alcove_1,
          temple_hall, serial_shops, shop, uniq_grinder
D:6:      layout_cave_pools, lemuel_coloured_pillars_altar, lemuel_doored_altar,
          minmay_misc_feat_doors, grunt_decor_arrowhead, uniq_blork_the_orc
D:7:      layout_basic, uniq_menkaure, uniq_maggie, uniq_prince_ribbit1
Temple:   pf_slime_end_temple

Skill      XL: |  1  2  3  4  5  6  7  8 |
---------------+-------------------------+-----
Conjurations   | 2 3 4 |  4.0
Stealth        | 3 4 5 |  5.6
Fighting       | 1 2 3 |  3.0
Spellcasting   | 4 5 6 |  6.0
Air Magic      | 4 5 6 |  6.5
Dodging        | 3 4 |  4.3
Translocations | 2 |  2.7

Action                     |  1- 3 |  4- 6 |  7- 9 || total
---------------------------+-------+-------+-------++-------
  Melee: Dagger            |       |       |     1 ||     1
   Cast: Shock             |   123 |   131 |    68 ||   322
         Static Discharge  |       |     7 |    17 ||    24
    Use: Potion            |       |     1 |     2 ||     3
         Scroll            |       |       |     5 ||     5
 Armour: Robe              |     2 |     1 |     4 ||     7
  Dodge: Dodged            |     4 |     6 |    19 ||    29

Table legend: (Time is in decaauts)
 A = Elapsed time spent in this place.
 B = Non-inter-level travel time spent in this place.
 C = Inter-level travel time spent in this place.
 D = Time resting spent in this place.
 E = Time spent auto-exploring this place.
 F = Levels seen in this place.
 G = Mean time per level.
                   A        B        C        D        E       F      G
               +--------+--------+--------+--------+--------+-----+--------+
         Total |   6510 |   6277 |    233 |    238 |   5046 |   8 |  813.8 |
       Dungeon |   6481 |   6261 |    220 |    238 |   5039 |   7 |  925.9 |
        Temple |     29 |     16 |     13 |      0 |      7 |   1 |   29.0 |
               +--------+--------+--------+--------+--------+-----+--------+

Top non-repeatable levels by time:
     D:2: 1277 daAuts
     D:5: 1127 daAuts
     D:3: 1077 daAuts
     D:4: 1024 daAuts
     D:1: 969 daAuts
     D:6: 852 daAuts
     D:7: 152 daAuts
  Temple: 29 daAuts
